mrgnz, chaotic male orcish Wizard ------- ------- ------------ |.....| |.....- ...........| |.....| |.....| ###|......%...| -----+----- ----------- |...[.| |{....|#####-....[<....| |.....>...| |..........####|......# |.....-### #--------+-.- # |..{......| |.........| #|.....|# |...).|# ####..........| |.........+ ###......|# -----.- ###-----|----- ------|---- #-------# ####### # # #### ### ############################### ### # # # #### ##%###### # -.--- # #@ ### # . ### |....#%# @ # # ... # |...| .| ## # .... ##-...| (%| ----.----# ...... |...| *[| |........# -------- ----- ---- |.....>.| --------- mrgnz the Thaumaturge Experience level: 6 Strength: 14 Dexterity: 14 Constitution: 13 Intelligence: 16 Wisdom: 10 Charisma: 10 Health: 0(36) Energy: 30(49) Def: 0 Gold: 0 Moves: 3319 Dungeon seed: JKH3iLtsAnEiJwba Game ID: mrgnz_1548420165 Your Inventory: Weapons a - a blessed +3 quarterstaff u - a +0 orcish dagger Armor e - an uncursed +0 pair of low boots q - an uncursed +0 orcish helm Comestibles s - an uncursed tripe ration Scrolls G - 4 uncursed scrolls of blank paper Spellbooks l - a blessed spellbook of force bolt m - an uncursed spellbook of knock Potions f - an uncursed potion of healing g - an uncursed potion of fruit juice h - a blessed potion of healing Rings c - an uncursed ring of teleport control d - an uncursed ring of searching (on left hand) v - a cursed ring of polymorph (on right hand) Wands b - a wand of cancellation (0:4) Tools n - an uncursed blindfold o - an uncursed oil lamp (0:1323) Spells and supernatural/magical abilities: Name Level Category Fail Memory a - force bolt 1 attack 0% 84% k - knock 1 matter 0% 84% W - pray for help -- divine ? -- Your skills at the end: Fighting Skills Weapon Skills quarterstaff [Basic] Spellcasting Skills attack spells [Basic] enchantment spells [Basic] Final Attributes: You had strayed. You were poison resistant. You had automatic searching. You had infravision. You were going to confuse monsters. You were polymorphing. You are dead. Vanquished creatures: 2 leprechauns a paper golem a kitten 3 dwarves 2 homunculi 2 kobold lords 2 rothes 2 orc zombies 4 dwarf zombies an iguana a coyote a hobbit a large kobold a hobgoblin a giant rat a cave spider a brown mold a gnome zombie 5 geckos a jackal a kobold 2 goblins 4 grid bugs 5 lichens 5 newts 51 creatures vanquished. Voluntary challenges: You followed a strict vegan diet. You used a wielded weapon 47 times, starting on turn 250. You read items or engraved 5 times, starting on turn 734. You never genocided any monsters. You never polymorphed an object. You changed form 2 times, starting on turn 2931. You used no wishes. You never split a pudding. You wrote Elbereth's name 1 time, starting on turn 734. You violated your moral code, losing 86 points of alignment, starting on turn 105. Dungeon overview: The Dungeons of Doom: levels 1 to 4 Level 1 a long staircase Level 2 a fountain Level 3 a general store Level 4 <- You were here a general store, some fountains a long staircase History has recorded: On T:1 you entered the Dungeons of Doom to retrieve the Amulet of Yendor! On T:416 you advanced to experience level 2. On T:543 you advanced to experience level 3. On T:862 you advanced to experience level 4. On T:914 you reached level 2 of The Dungeons of Doom. On T:969 you advanced to experience level 5. On T:1560 you reached level 3 of The Dungeons of Doom. On T:2893 you advanced to experience level 6. On T:2923 you reached level 4 of The Dungeons of Doom. Score breakdown: Gold: 0 ( 0 points) Experience: 6 levels (12456 points) Exploration: 4 levels ( 8.00%) ( 7423 points) Discoveries: 7 items ( 2.53%) ( 4769 points) Valuables value: (no points given unless you survive) Artifact value: 0 ( 0 points) Variety of kills: 25 monsters ( 6.56%) ( 7684 points) Turncount: 3319 turns ( -749 points) Survival: died (score multiplied by 80%) Total score: 25266 Latest messages: The magic missile hits Wonotobo. The spell hits Wonotobo! Wonotobo resists! Wonotobo drinks a dark green potion! Wonotobo looks much better. Never mind. Magical energies course through your body. Wonotobo zaps a wand of magic missile! The magic missile hits you! The magic missile bounces! The magic missile hits you! The magic missile hits Wonotobo! Wonotobo zaps a wand of magic missile! The magic missile hits you! The magic missile bounces! The magic missile hits you! You die... Wonotobo takes all your possessions. Final status: Goodbye mrgnz the Wizard, killed by a magic missile... You died in The Dungeons of Doom on dungeon level 4 with 25266 points, and 0 pieces of gold, after 3319 moves. You were level 6 with a maximum of 36 hit points when you died.